| TOP OF THE 1ST |
|
Erie SeaWolves batting - Pitching for Jackson Generals : RHP Justin Lee
|
|
Pitching: RHP Justin Lee
|
|
|
Batting: LHB Freddy Troncoso
|
0-0: Ball 1-0: Ball 2-0: Called Strike 2-1: Called Strike 2-2: Ground out 4-3 (Groundball, 34, EV 111.3 MPH)
|
|
Batting: LHB Adam Lancaster
|
0-0: Called Strike 0-1: Fly out, F8 (Flyball, 8LD, EV 103.8 MPH)
|
|
Batting: RHB Steve Clark
|
0-0: Called Strike 0-1: Swinging Strike 0-2: Ball 1-2: Strikes out swinging
|
| Top of the 1st over - 0 runs, 0 hits, 0 errors, 0 left on base; Erie 0 - Jackson 0 |
| BOTTOM OF THE 1ST |
|
Jackson Generals batting - Pitching for Erie SeaWolves : RHP Jason Mucci
|
|
Pitching: RHP Jason Mucci
|
|
|
Batting: RHB Malik Brookshire
|
0-0: Called Strike 0-1: Foul Ball, location: 2F 0-2: Ball 1-2: SINGLE (Groundball, 3D, EV 96.9 MPH)
|
|
Batting: LHB Jerrod Cluck
|
0-0: Ball 1-0: Foul Ball, location: 2F 1-1: Foul Ball, location: 2F 1-2: Strikes out swinging
|
|
Batting: LHB Cliff Thomas
|
0-0: Called Strike Malik Brookshire steals 2nd base (no throw) 0-1: Ball 1-1: Ball 2-1: SINGLE (Groundball, 4MD, EV 102.5 MPH) Malik Brookshire to third Runner from 3rd tries for Home, SAFE, throw by CF to home
|
|
Batting: LHB Tom Reynolds
|
0-0: Ball 1-0: Foul Ball, location: 2F 1-1: Foul Ball, location: 2F 1-2: Ball 2-2: SINGLE (Groundball, 34, EV 108.1 MPH) Cliff Thomas to second Runner from 2nd tries for 3rd, SAFE, throw by RF made to third
|
|
Batting: RHB Sean Peake
|
0-0: Called Strike 0-1: Foul Ball, location: 2F 0-2: Ground out 6-3 (Groundball, P, EV 93.1 MPH) Cliff Thomas scores Tom Reynolds to second
|
|
Batting: RHB Harutomi Matsubara
|
0-0: Called Strike 0-1: Fly out, F8 (Flyball, 8RS, EV 90.0 MPH)
|
| Bottom of the 1st over - 2 runs, 3 hits, 0 errors, 1 left on base; Erie 0 - Jackson 2 |
| TOP OF THE 2ND |
|
Erie SeaWolves batting - Pitching for Jackson Generals : RHP Justin Lee
|
|
Batting: LHB Takuya Uchida
|
0-0: Ball 1-0: Ball 2-0: Ball 3-0: Base on Balls
|
|
Batting: LHB Luis Dominguez
|
0-0: Fly out, F7 (Flyball, 78M, EV 89.4 MPH)
|
|
Batting: RHB Jordan Mejias
|
0-0: Called Strike 0-1: Ball 1-1: Called Strike 1-2: Ball 2-2: Ball 3-2: Grounds into double play, 5-4-3 (Groundball, 5L, EV 103.8 MPH)
|
| Top of the 2nd over - 0 runs, 0 hits, 0 errors, 0 left on base; Erie 0 - Jackson 2 |
| BOTTOM OF THE 2ND |
|
Jackson Generals batting - Pitching for Erie SeaWolves : RHP Jason Mucci
|
|
Batting: LHB Matt Purke Jr.
|
0-0: Ball 1-0: Foul Ball, location: 2F 1-1: DOUBLE (Groundball, 5L, EV 95.6 MPH)
|
|
Batting: LHB Justin Long
|
0-0: Ball 1-0: Swinging Strike 1-1: SINGLE (Flyball, 8RS, EV 90.6 MPH) Matt Purke Jr. to third
|
|
Batting: RHB Jesus Torres
|
0-0: Called Strike 0-1: Ball 1-1: Ball 2-1: Ball 3-1: Fielders Choice at 2nd, 4-6 (Groundball, 4M, EV 93.1 MPH) Matt Purke Jr. scores
|
|
Batting: RHB Malik Brookshire
|
0-0: Ball Jesus Torres steals 2nd base 1-0: Fly out, F9 (Flyball, 89M, EV 76.3 MPH)
|
|
Batting: LHB Jerrod Cluck
|
0-0: Ball 1-0: Ground out 6-3 (Groundball, P, EV 86.9 MPH)
|
| Bottom of the 2nd over - 1 run, 2 hits, 0 errors, 1 left on base; Erie 0 - Jackson 3 |
| TOP OF THE 3RD |
|
Erie SeaWolves batting - Pitching for Jackson Generals : RHP Justin Lee
|
|
Batting: LHB Oscar Gonzalez
|
0-0: Called Strike 0-1: Ground out 6-3 (Groundball, 6, EV 100.6 MPH)
|
|
Batting: RHB Yaremka Rzhevsky
|
0-0: Ball 1-0: Foul Ball, location: 2F 1-1: Fly out, F8 (Flyball, 78D, EV 90.6 MPH)
|
|
Batting: RHB Vince Chipman
|
0-0: Called Strike 0-1: Foul Ball, location: 2F 0-2: Ball 1-2: Ball 2-2: Foul Ball, location: 2F 2-2: Strikes out looking
|
| Top of the 3rd over - 0 runs, 0 hits, 0 errors, 0 left on base; Erie 0 - Jackson 3 |
| BOTTOM OF THE 3RD |
|
Jackson Generals batting - Pitching for Erie SeaWolves : RHP Jason Mucci
|
|
Batting: LHB Cliff Thomas
|
0-0: Ball 1-0: Foul Ball, location: 2F 1-1: Ball 2-1: Ball 3-1: Called Strike 3-2: Base on Balls
|
|
Batting: LHB Tom Reynolds
|
0-0: Ball 1-0: Called Strike 1-1: Ball Wild Pitch! Cliff Thomas to second 2-1: Called Strike 2-2: Ground out 4-3 (Groundball, 34D, EV 111.3 MPH) Cliff Thomas to third
|
|
Batting: RHB Sean Peake
|
0-0: Ball 1-0: Ball 2-0: Foul Ball, location: 2F 2-1: Swinging Strike 2-2: SINGLE (Groundball, P, EV 95.6 MPH) Cliff Thomas scores
|
|
Batting: RHB Harutomi Matsubara
|
0-0: Ball 1-0: Foul Ball, location: 2F 1-1: Called Strike Sean Peake steals 2nd base 1-2: Foul Ball, location: 2F 1-2: Ball 2-2: Foul Ball, location: 2F 2-2: Ground out 5-3 (Groundball, 56, EV 108.8 MPH)
|
|
Batting: LHB Matt Purke Jr.
|
0-0: Fly out, F7 (Flyball, 7D, EV 98.8 MPH)
|
| Bottom of the 3rd over - 1 run, 1 hit, 0 errors, 1 left on base; Erie 0 - Jackson 4 |
| TOP OF THE 4TH |
|
Erie SeaWolves batting - Pitching for Jackson Generals : RHP Justin Lee
|
|
Batting: LHB Freddy Troncoso
|
0-0: Ground out 6-3 (Groundball, 6, EV 89.4 MPH)
|
|
Batting: LHB Adam Lancaster
|
0-0: Swinging Strike 0-1: Ball 1-1: Ball 2-1: Foul Ball, location: 2F 2-2: Foul Ball, location: 2F 2-2: Ground out 4-3 (Groundball, 4M, EV 79.4 MPH)
|
|
Batting: RHB Steve Clark
|
0-0: Ground out 4-3 (Groundball, 34D, EV 106.3 MPH)
|
| Top of the 4th over - 0 runs, 0 hits, 0 errors, 0 left on base; Erie 0 - Jackson 4 |
| BOTTOM OF THE 4TH |
|
Jackson Generals batting - Pitching for Erie SeaWolves : RHP Jason Mucci
|
|
Batting: LHB Justin Long
|
0-0: Ball 1-0: Foul Ball, location: 2F 1-1: Ball 2-1: Ground out U3 (Groundball, 3, EV 77.5 MPH)
|
|
Batting: RHB Jesus Torres
|
0-0: Ball 1-0: Ball 2-0: Foul Ball, location: 2F 2-1: Ball 3-1: Foul Ball, location: 2F 3-2: Strikes out looking
|
|
Batting: RHB Malik Brookshire
|
0-0: Called Strike 0-1: Swinging Strike 0-2: Strikes out swinging
|
| Bottom of the 4th over - 0 runs, 0 hits, 0 errors, 0 left on base; Erie 0 - Jackson 4 |
| TOP OF THE 5TH |
|
Erie SeaWolves batting - Pitching for Jackson Generals : RHP Justin Lee
|
|
Batting: LHB Takuya Uchida
|
0-0: Ground out 4-3 (Groundball, 4, EV 108.1 MPH)
|
|
Batting: LHB Luis Dominguez
|
0-0: Ball 1-0: Fly out, F8 (Line Drive, 8LD, EV 91.3 MPH)
|
|
Batting: RHB Jordan Mejias
|
0-0: Called Strike 0-1: Foul Ball, location: 2F 0-2: Ball 1-2: Strikes out swinging, 2-3 out at first.
|
| Top of the 5th over - 0 runs, 0 hits, 0 errors, 0 left on base; Erie 0 - Jackson 4 |
| BOTTOM OF THE 5TH |
|
Jackson Generals batting - Pitching for Erie SeaWolves : RHP Jason Mucci
|
|
Batting: LHB Jerrod Cluck
|
0-0: Ball 1-0: Foul Ball, location: 2F 1-1: Ball 2-1: Called Strike 2-2: Ball 3-2: Strikes out looking
|
|
Batting: LHB Cliff Thomas
|
0-0: Foul Ball, location: 2F 0-1: Ball 1-1: Ball 2-1: Ball 3-1: Ground out 1-3 (Groundball, 15, EV 66.3 MPH)
|
|
Batting: LHB Tom Reynolds
|
0-0: Ball 1-0: Ball 2-0: Foul Ball, location: 2F 2-1: Ball 3-1: Base on Balls
|
|
Pitching: LHP Jim Daum
|
|
|
Batting: RHB Sean Peake
|
0-0: Fly out, F9 (Flyball, 89D, EV 96.9 MPH)
|
| Bottom of the 5th over - 0 runs, 0 hits, 0 errors, 1 left on base; Erie 0 - Jackson 4 |
| TOP OF THE 6TH |
|
Erie SeaWolves batting - Pitching for Jackson Generals : RHP Justin Lee
|
|
Batting: LHB Oscar Gonzalez
|
0-0: Ball 1-0: Ball 2-0: Swinging Strike 2-1: Ball 3-1: Foul Ball, location: 2F 3-2: Foul Ball, location: 2F 3-2: Strikes out swinging
|
|
Batting: RHB Yaremka Rzhevsky
|
0-0: Ball 1-0: Called Strike 1-1: Fly out, F9 (Flyball, 9D, EV 91.9 MPH)
|
|
Batting: RHB Vince Chipman
|
0-0: Called Strike 0-1: SINGLE (Groundball, 56D, EV 96.9 MPH)
|
|
Batting: LHB Freddy Troncoso
|
0-0: Foul Ball, location: 2F 0-1: Ball 1-1: Foul Ball, location: 2F 1-2: Foul Ball, location: 2F 1-2: Ball 2-2: Ball 3-2: Fly out, F7 (Flyball, 7LS, EV 92.5 MPH)
|
| Top of the 6th over - 0 runs, 1 hit, 0 errors, 1 left on base; Erie 0 - Jackson 4 |
| BOTTOM OF THE 6TH |
|
Jackson Generals batting - Pitching for Erie SeaWolves : LHP Jim Daum
|
|
Batting: RHB Harutomi Matsubara
|
0-0: Ball 1-0: Fly out, F9 (Line Drive, 9, EV 105.6 MPH)
|
|
Batting: LHB Matt Purke Jr.
|
0-0: Called Strike 0-1: Ball 1-1: Foul Ball, location: 2F 1-2: Ball 2-2: Strikes out looking
|
|
Batting: LHB Justin Long
|
0-0: Called Strike 0-1: Called Strike 0-2: Ball 1-2: Ball 2-2: Foul Ball, location: 2F 2-2: Strikes out swinging
|
| Bottom of the 6th over - 0 runs, 0 hits, 0 errors, 0 left on base; Erie 0 - Jackson 4 |
| TOP OF THE 7TH |
|
Erie SeaWolves batting - Pitching for Jackson Generals : RHP Justin Lee
|
|
Batting: LHB Adam Lancaster
|
0-0: Called Strike 0-1: Ball 1-1: Swinging Strike 1-2: Foul Ball, location: 2F 1-2: Strikes out looking
|
|
Batting: RHB Steve Clark
|
0-0: Called Strike 0-1: Ball 1-1: Foul Ball, location: 2F 1-2: Strikes out looking
|
|
Batting: LHB Takuya Uchida
|
0-0: Foul Ball, location: 2F 0-1: Fly out, F9 (Line Drive, 9D, EV 111.9 MPH)
|
| Top of the 7th over - 0 runs, 0 hits, 0 errors, 0 left on base; Erie 0 - Jackson 4 |
| BOTTOM OF THE 7TH |
|
Jackson Generals batting - Pitching for Erie SeaWolves : LHP Jim Daum
|
|
Pitching: RHP Mike Kirk
|
|
|
Batting: RHB Jesus Torres
|
0-0: Ball 1-0: Called Strike 1-1: Called Strike 1-2: Ball 2-2: Strikes out swinging
|
|
Batting: RHB Malik Brookshire
|
0-0: SINGLE (Groundball, 5S, EV 72.5 MPH) (infield hit)
|
|
Batting: LHB Jerrod Cluck
|
0-0: Ball 1-0: Ball 2-0: Called Strike 2-1: Ball Pickoff Throw to First - Error! E1 Malik Brookshire to second 3-1: Foul Ball, location: 2F 3-2: Fly out, F8 (Flyball, 8RD, EV 105.0 MPH)
|
|
Batting: LHB Cliff Thomas
|
0-0: Ball 1-0: Fly out, F8 (Flyball, 8LXD, EV 94.4 MPH)
|
| Bottom of the 7th over - 0 runs, 1 hit, 1 error, 1 left on base; Erie 0 - Jackson 4 |
| TOP OF THE 8TH |
|
Erie SeaWolves batting - Pitching for Jackson Generals : RHP Justin Lee
|
|
Batting: LHB Luis Dominguez
|
0-0: Fly out, F9 (Flyball, 89M, EV 96.9 MPH)
|
|
Batting: RHB Jordan Mejias
|
0-0: SINGLE (Line Drive, 6D, EV 101.9 MPH)
|
|
Batting: LHB Oscar Gonzalez
|
0-0: Ball 1-0: Fielders Choice at 2nd, 6-4 (Groundball, 6, EV 94.4 MPH)
|
|
Batting: RHB Yaremka Rzhevsky
|
0-0: Ball 1-0: TRIPLE (Flyball, 89XD, EV 95.0 MPH) Oscar Gonzalez scores
|
|
Batting: RHB Vince Chipman
|
0-0: Ball 1-0: Foul Ball, location: 2F 1-1: Foul Ball, location: 2F 1-2: Fly out, F9 (Line Drive, 9, EV 90.0 MPH)
|
| Top of the 8th over - 1 run, 2 hits, 0 errors, 1 left on base; Erie 1 - Jackson 4 |
| BOTTOM OF THE 8TH |
|
Jackson Generals batting - Pitching for Erie SeaWolves : RHP Mike Kirk
|
|
Batting: LHB Tom Reynolds
|
0-0: Called Strike 0-1: Foul Ball, location: 2F 0-2: Foul Ball, location: 2F 0-2: Ball 1-2: Strikes out swinging
|
|
Batting: RHB Sean Peake
|
0-0: Ball 1-0: Ball 2-0: Ball 3-0: Base on Balls
|
|
Batting: RHB Harutomi Matsubara
|
0-0: Ball Sean Peake steals 2nd base 1-0: Called Strike 1-1: Ball 2-1: Ball 3-1: Base on Balls
|
|
Batting: LHB Matt Purke Jr.
|
0-0: Ball 1-0: Called Strike Sean Peake steals 3rd base Harutomi Matsubara to second 1-1: Called Strike 1-2: Strikes out swinging
|
|
Batting: LHB Justin Long
|
0-0: Foul Ball, location: 2F 0-1: Ball 1-1: Ball 2-1: Ground out 2-3 (Groundball, 15S, EV 71.9 MPH)
|
| Bottom of the 8th over - 0 runs, 0 hits, 0 errors, 2 left on base; Erie 1 - Jackson 4 |
| TOP OF THE 9TH |
|
Erie SeaWolves batting - Pitching for Jackson Generals : RHP Justin Lee
|
|
Pitching: RHP Victor Cervantes
|
|
|
Now at 1B: Cliff Thomas
|
|
|
Now in RF: Ignacio Bernal
|
|
|
Batting: LHB Freddy Troncoso
|
0-0: Ground out 4-3 (Groundball, 34, EV 81.9 MPH)
|
|
Batting: LHB Adam Lancaster
|
0-0: Ball 1-0: Ball 2-0: Called Strike 2-1: Called Strike 2-2: Ball 3-2: Base on Balls
|
|
Batting: RHB Steve Clark
|
0-0: Ball 1-0: Foul Ball, location: 2F 1-1: Ball 2-1: Called Strike 2-2: Ball 3-2: Strikes out swinging Adam Lancaster steals 2nd base Batter strikes out.
|
|
Batting: LHB Takuya Uchida
|
0-0: Ball 1-0: Fly out, F7 (Flyball, 7S, EV 95.6 MPH)
|
| Top of the 9th over - 0 runs, 0 hits, 0 errors, 1 left on base; Erie 1 - Jackson 4 |
|